[Event "FRA-ch Youth 2017"]
[Site "Belfort"]
[Date "2017.04.18"]
[Round "4"]
[White "Yuan, Beline"]
[Black "Randrianarimanana, Alicia"]
[Result "1/2-1/2"]
[ECO "E70"]
[WhiteElo "1845"]
[BlackElo "1636"]
[Annotator "NA RC"]
[PlyCount "71"]
[EventDate "2017.??.??"]
[EventCountry "FRA"]
[SourceTitle "playchess.com"]
[Source "ChessBase"]
[SourceQuality "1"]
[TimeControl "5400+30"]

1. d4 Nf6 2. c4 g6 3. Nc3 Bg7 4. e4 O-O 5. e5 Ne8 6. f4 d6 7. Nf3 c5 8. dxc5 Nc6 9. cxd6 {[%emt 0:01:59] LiveBook: 5 Games E70: King's Indian: Miscellaneous lines with 4 e4, including 5 Nge2 and 5 Bd3 0-0 6 Nge2} exd6 10. Be2 Bg4 11. exd6 Nxd6 12. O-O (12. c5 Nf5 13. Qxd8 Raxd8 14. O-O Rfe8 {0-1 (42) Volkov,S (2630)-Wojtkiewicz,A (2564) Internet 2004}) 12... Bxf3 $146 (12... Re8 $17 {White should prevent ...Qb6+.} 13. h3 Be6 14. Nd5 Na5 15. f5 Bxd5 16. cxd5 Nxf5 {0-1 (52) Lieb,H (2255)-Petrushin,A (2426) Dresden 2008}) 13. Rxf3 Re8 14. Bf1 Qb6+ 15. Kh1 Bxc3 16. bxc3 Rad8 17. Qc2 Na5 18. h3 (18. Rb1 $15 Qc6 19. f5) 18... Ndxc4 ({But not} 18... Re1 19. Rb1 Qc6 20. Be3 Rxb1 21. Qxb1) ({Black should play} 18... Naxc4 $17 {aiming for ...Re1.} 19. Rb1 Qc7) 19. f5 (19. Rb1 $15 Qf6 20. Kh2) 19... Re1 20. fxg6 hxg6 ({Less strong is} 20... fxg6 21. Rb1 Qc5 {[#]} 22. Bg5 $1 Rxf1+ 23. Rbxf1 Qxg5 24. Qf2 $15) 21. Rb1 Qxb1 $2 (21... Qc5 $19 {Threatens to win with ...Rdd1.} 22. Bg5 {[#]} Rxf1+ $1 23. Rfxf1 Qxg5) 22. Qxb1 Rdd1 23. Kh2 Rxc1 24. Qb5 Nd2 25. Rf4 $2 (25. Rxf7 $11 Kxf7 26. Qd5+ (26. Qd7+ Re7 27. Qd5+ Kf8 28. Qd8+ Kf7 29. Qd5+ Kg7 30. Qd4+ Kg8 31. Qd8+ Kf7 32. Qd5+ $11) 26... Kg7 27. Qd4+ Kh7 28. Qd7+ Kg8 29. Qxd2) 25... Nxf1+ 26. Rxf1 Rxf1 27. Qxa5 {[%emt 0:01:36] [#]} b6 $1 28. Qxa7 Rh1+ ({Worse is} 28... Rxc3 29. Qxb6 Ra3 30. Qd8+ Kg7 31. Qd5 $11) 29. Kg3 Rxc3+ 30. Kh4 {[%emt 0:02:13] [#]} Rc4+ $2 (30... Re1 $1 $19 {[%cal Re1e4] Threatens to win with ...Re4+.} 31. Kg5 Re5+ 32. Kf4 Rf5+ 33. Ke4 Rc2) 31. Kg3 $1 Rc3+ (31... Rb1 $17 32. Qb8+ Kg7) 32. Kh4 Rc4+ $11 33. g4 Rb1 34. Qb8+ Kg7 35. Qe5+ Kh7 36. Qe7 1/2-1/2

[Event "FRA-ch Youth 2017"]
[Site "Belfort"]
[Date "2017.04.18"]
[Round "4"]
[White "Candelot, Clement"]
[Black "Warnier, Yanis"]
[Result "1-0"]
[ECO "C54"]
[WhiteElo "1839"]
[BlackElo "1526"]
[Annotator "NA RC"]
[PlyCount "45"]
[EventDate "2017.??.??"]
[EventCountry "FRA"]
[SourceTitle "playchess.com"]
[Source "ChessBase"]
[SourceQuality "1"]
[TimeControl "5400+30"]

1. e4 e5 2. Nf3 Nc6 3. Bc4 Bc5 4. c3 Nf6 5. d4 exd4 6. cxd4 Bb4+ 7. Bd2 Nxe4 8. Bxb4 Nxb4 9. Bxf7+ Kxf7 10. Qb3+ d5 11. Ne5+ {[%emt 0:00:59] C54: Giuoco Piano: 4 c3 Nf6, main lines with 5 d4 and 5 d3} Ke7 (11... Ke6 $11 {keeps the balance.} 12. Qxb4 c5 (12... Qf8 13. Qxf8 Rxf8 14. f3 Ng5 15. Nc3 c6 16. h4 Nf7 17. Nd3 Kd6 18. Kf2 Nd8 {½-½ (55) Hou,Y (2673)-Aronian,L (2797) Wijk aan Zee 2015})) 12. Qxb4+ Qd6 13. Qxd6+ (13. Qb3 $16) 13... Nxd6 14. Nc3 c6 15. O-O Re8 16. Rfe1 Kf8 17. b4 $146 (17. Re3 Nf5 18. Rf3 Kg8 {1-0 (59) Saak,S-Gahn,C Lingen 2002}) 17... Be6 18. Rab1 Bf5 19. Rb2 Nc4 20. Rbe2 Nxe5 21. Rxe5 Rxe5 22. Rxe5 Re8 $11 (22... Bd3) 23. Rxf5+ 1-0

[Event "FRA-ch Youth 2017"]
[Site "Belfort"]
[Date "2017.04.18"]
[Round "4"]
[White "Bruneau, Maylis"]
[Black "Bellahcene, Anissa"]
[Result "0-1"]
[ECO "A80"]
[WhiteElo "1794"]
[BlackElo "1806"]
[Annotator "NA RC"]
[PlyCount "60"]
[EventDate "2017.??.??"]
[EventCountry "FRA"]
[SourceTitle "playchess.com"]
[Source "ChessBase"]
[SourceQuality "1"]
[TimeControl "5400+30"]

1. d4 f5 2. Nf3 e6 3. Bf4 d5 4. e3 {[%emt 0:01:20] A80: Dutch Defence: Unusual White second moves} c6 5. Nbd2 Nf6 6. c4 (6. Bd3 Be7 7. h3 Nbd7 8. g4 Ne4 9. c3 a5 10. Qc2 a4 11. c4 O-O {1-0 (26) Agrest,E (2596)-Vaarala,E (2298) Sweden 2016}) 6... Be7 7. h3 Nbd7 8. Bd3 O-O $146 (8... Ne4 9. O-O O-O 10. Rc1 Kh8 11. Qe2 Qe8 12. Ne5 Nxd2 13. Qxd2 {1-0 (77) Kislik,E (2368)-Pinterne,K (2133) Hungary 2013}) 9. Ng5 Nb8 10. c5 Ne4 11. Ngxe4 fxe4 12. Be2 b6 13. b4 Nd7 14. O-O Bh4 (14... bxc5 $11 15. bxc5 (15. dxc5 a5 $11) 15... e5) 15. Nb3 Qf6 16. g3 Bg5 {[%emt 0:00:10] [#]} 17. Kh2 ({Better is} 17. Bd6 $1 $16) 17... e5 18. dxe5 Nxe5 19. Nd4 $2 (19. b5 $11) 19... Bd7 (19... Bxf4 $17 20. gxf4 bxc5 21. bxc5 Qh4 22. fxe5 Bxh3) 20. Qc1 (20. Bxe5 $15 Qxe5 21. Bg4 bxc5 22. Bxd7 (22. bxc5 Qe7 $15) 22... cxd4 23. exd4) 20... Bxf4 21. gxf4 $4 (21. exf4 $17 Nd3 22. Qc3) 21... Ng6 $2 (21... Qh4 {( -> ...Nf3+)} 22. fxe5 Bxh3) 22. f5 Bxf5 23. Nxf5 Qxf5 24. cxb6 Qe5+ (24... axb6 $2 25. Qxc6 Rac8 26. Qd6 $17) 25. Kh1 Rf6 ({Weaker is} 25... axb6 26. Qxc6 Ne7 27. Qb7 $17) 26. b7 Rb8 27. b5 $2 (27. Rb1 Rxb7 28. Qb2) 27... Rxb7 $2 (27... Nh4 {( -> ...Rf3!)} 28. a4 {[#]} Rf3 $1 29. Bxf3 Nxf3 30. bxc6 Qh2#) 28. bxc6 Rc7 29. Bb5 (29. Rb1 $19) 29... Rf3 30. Kg2 Nh4+ {[%emt 0:00:13] Rh1 Qe8+} 0-1

[Event "FRA-ch Youth 2017"]
[Site "Belfort"]
[Date "2017.04.18"]
[Round "4"]
[White "Belluire, Beatrice"]
[Black "Lomandong Noela-Joyce"]
[Result "1-0"]
[ECO "B00"]
[WhiteElo "1786"]
[BlackElo "1987"]
[Annotator "NA RC"]
[PlyCount "114"]
[EventDate "2017.??.??"]
[EventCountry "FRA"]
[SourceTitle "playchess.com"]
[Source "ChessBase"]
[SourceQuality "1"]
[TimeControl "5400+30"]

1. e4 b6 2. d4 Bb7 3. Nc3 Nf6 {[%emt 0:00:05] B00: Queen's Fianchetto Defence, Nimzowitsch Defence} (3... e6 4. Be3 g6 5. Qd2 Bg7 6. O-O-O d6 7. h4 h6 8. h5 g5 9. f4 gxf4 10. Bxf4 Nd7 11. Nf3 a6 12. Kb1 {1-0 (68) Guseinov,G (2631)-Kamsky,G (2741) Khanty-Mansiysk 2013}) 4. f3 e6 5. Be3 Bb4 6. Qd2 Bxe4 $146 (6... d5 $11 {remains equal.}) (6... a5 7. a3 Be7 8. g4 d6 9. Bb5+ c6 10. Bd3 Qc7 11. Nge2 Nfd7 12. O-O-O {1-0 (43) Caro Martinez,R (1714)-Camus,A (1955) Santa Eulalia de Roncana 2011}) 7. fxe4 Nxe4 8. Qd3 Bxc3+ 9. bxc3 Qh4+ 10. Ke2 (10. g3 $18 {and White stays clearly on top.} Nxg3 11. Nf3 (11. hxg3 Qxh1 12. Be2 Qb7 $11)) 10... f5 11. Nh3 Nc6 12. Bf2 (12. g3 $16 Qh5+ 13. Ke1) 12... Qg4+ 13. Ke1 Ne7 14. Rg1 Nd5 15. Be2 Qg6 $1 16. c4 Nb4 17. Qb3 c5 (17... Nc6 $11 {remains equal.}) 18. a3 (18. Bf3 $16) 18... Nc6 19. d5 Qf6 20. Rd1 Nxf2 (20... exd5 $11 {remains equal.} 21. Nf4 (21. Rxd5 O-O $15) (21. cxd5 Na5 22. Qd3 Nc3 $11) 21... d4) 21. Kxf2 ({Much weaker is} 21. Nxf2 Nd4 22. Qd3 O-O $11) 21... Nd4 22. Qd3 Qh4+ 23. Kf1 O-O 24. c3 Nxe2 25. Qxe2 (25. Kxe2 $16 e5 26. Rdf1) 25... Rae8 26. Qd3 e5 27. Re1 h6 (27... e4 $5 28. Qg3 $8 Qd8 $11) 28. Re3 e4 29. Qe2 Kh7 30. Nf2 ({White should play} 30. Qc2 $14) 30... Qxh2 31. g3 f4 32. Rh1 {[%emt 0:01:35] [#]} f3 $2 (32... Qxh1+ $1 $11 33. Nxh1 fxe3+ 34. Ke1 Rf3) 33. Rxh2 fxe2+ 34. Kxe2 Re5 35. Nxe4 Rfe8 36. Kd3 Kg6 37. Rhe2 b5 (37... Rf8 $142 38. Nd6 Rxe3+ 39. Rxe3 h5) 38. cxb5 (38. Nxc5 $142 bxc4+ 39. Kd4 Rxe3 40. Rxe3 Rxe3 41. Kxe3) 38... Rxd5+ 39. Kc4 Rde5 40. a4 d5+ 41. Kd3 dxe4+ ({Stronger than} 41... Rxe4 42. Rxe4 dxe4+ 43. Rxe4 $18) 42. Rxe4 Rd8+ 43. Kc4 Rg5 44. R2e3 Rc8 45. a5 Kh5 46. Re5 Kg6 47. Rxg5+ Kxg5 48. Re5+ Kf6 49. Rxc5 Re8 50. b6 axb6 51. axb6 Rb8 52. Kb5 g5 53. Ka6 Ke7 54. Ka7 Rd8 55. b7 Kd6 56. Rc8 Rd7 57. Ka8 Kd5 1-0

[Event "FRA-ch Youth 2017"]
[Site "Belfort"]
[Date "2017.04.18"]
[Round "4"]
[White "Georges, Lisa"]
[Black "Bellahcene, Meriem"]
[Result "1-0"]
[ECO "B32"]
[WhiteElo "1704"]
[BlackElo "1919"]
[Annotator "NA RC"]
[PlyCount "89"]
[EventDate "2017.??.??"]
[EventCountry "FRA"]
[SourceTitle "playchess.com"]
[Source "ChessBase"]
[SourceQuality "1"]
[TimeControl "5400+30"]

1. e4 c5 2. Nf3 Nc6 3. d4 cxd4 4. Nxd4 g6 {[%emt 0:00:21] LiveBook: 8999 Games} 5. g3 Bg7 6. Ne2 Nf6 7. Bg2 Rb8 8. O-O O-O 9. Nbc3 b5 10. a3 {[%emt 0:11:08] B34: Sicilian: Accelerated Dragon with 5 Nc3: sidelines} a5 (10... d6 11. h3 a5 12. Bg5 (12. Ra2 Nd7 13. Be3 Nc5 14. Nd4 Nxd4 15. Bxd4 Bxd4 16. Qxd4 e5 17. Qd2 Be6 18. Raa1 Qb6 19. Rad1 Rbd8 {0-1 (57) Cucarella Montell,A (1996)-Moreno Ruiz,J (2471) Linares 2013}) 12... Nd7 13. Ra2 h6 14. Be3 b4 15. axb4 axb4 16. Nd5 e6 17. Ndf4 b3 18. cxb3 Nc5 19. Nc1 Nb4 {½-½ (66) Kokarev,D (2634)-Lintchevski,D (2517) Khanty-Mansiysk 2016}) 11. Bf4 $146 d6 12. Nd5 Nxd5 13. exd5 ({Reject} 13. Qxd5 Be6 14. Qd2 (14. Qxc6 $2 Rb6 15. Qxb6 Qxb6 $17) 14... Bxb2 $17) 13... Ne5 14. Nd4 Bd7 15. h3 Qc8 16. Kh2 Qc7 17. b3 Rfc8 18. Ra2 (18. Be3 $14) 18... a4 (18... e6 $1 $11) 19. Be3 f5 20. Bg5 Re8 21. Re1 h6 22. Bc1 Rbc8 23. Bb2 Qb6 24. f4 Nf7 $1 25. Ne6 Bxb2 26. Rxb2 axb3 ({Black should play} 26... Qa7) 27. Rxb3 (27. cxb3 $142 Bxe6 28. Rxe6 (28. dxe6 Nd8 $14)) 27... Kh7 (27... Bxe6 $14 28. Rxe6 (28. dxe6 Nd8 $14) 28... Qf2) 28. g4 fxg4 $2 ({Black should play} 28... Qf2 $14) 29. Qxg4 h5 $2 ({Not} 29... Rxc2 $2 30. Rg3 Ng5 31. Nxg5+ hxg5 32. Qxd7 $18) (29... Qf2 30. Re2 h5 31. Qxh5+ (31. Rxf2 hxg4 32. hxg4 Rh8 $18) 31... gxh5 32. Rxf2 Kh6) 30. Ng5+ Nxg5 31. Qxg5 $2 ({White has to play} 31. Qxd7 $18 Nf7 32. f5 (32. Rxe7 Rxe7 33. Qxe7 Rc7 34. Rxb5 Qa7 $16)) 31... Qd8 $2 (31... Bf5 $11) 32. Be4 $1 Rg8 33. Qxh5+ Kg7 34. Qxg6+ (34. Rg3 $142 Bg4 35. Rxg4 Kf8 36. Bxg6 e6 37. Rxe6 Rxg6 38. Qxg6 Rxc2+ 39. Qxc2 Qf6 40. Qc8+ Qd8 41. Qxd8+ Kf7 42. Qg8#) 34... Kf8 35. Qh6+ Kf7 36. Bh7 Qb6 37. Bxg8+ Rxg8 38. Rbe3 Ke8 39. Qh7 Be6 40. dxe6 Rf8 41. Qe4 Qa6 42. Rc3 Kd8 43. Qc6 Qxc6 44. Rxc6 Rxf4 45. Rg1 1-0

[Event "FRA-ch Youth 2017"]
[Site "Belfort"]
[Date "2017.04.18"]
[Round "4"]
[White "Cavailles, Evan"]
[Black "Papadiamandis, Elliot"]
[Result "0-1"]
[ECO "B52"]
[WhiteElo "1694"]
[BlackElo "1944"]
[Annotator "NA RC"]
[PlyCount "134"]
[EventDate "2017.??.??"]
[EventCountry "FRA"]
[SourceTitle "playchess.com"]
[Source "ChessBase"]
[SourceQuality "1"]
[TimeControl "5400+30"]

1. e4 c5 2. Nf3 d6 3. Bb5+ Bd7 4. Bxd7+ Qxd7 {[%emt 0:00:15] LiveBook: 5991 Games} 5. Nc3 Nc6 {[%emt 0:01:48] B52: Sicilian: Moscow Variation with 3...Bd7} 6. d3 e6 7. Be3 Nf6 8. O-O Be7 9. h3 O-O 10. Qd2 $146 (10. Re1 a6 11. a4 Qc7 12. d4 {½-½ (12) Voloshin,L (2477)-Bakre,T (2467) Olomouc 2005}) 10... Rab8 11. a4 b6 12. Rfe1 a6 13. Bg5 b5 14. axb5 axb5 15. e5 dxe5 16. Nxe5 Nxe5 17. Rxe5 Qd4 18. Bxf6 Bxf6 19. Re4 Qd7 20. Nd1 c4 21. d4 Ra8 22. Rxa8 Rxa8 23. Qc1 (23. c3 $15) 23... Bxd4 24. Qd2 {[%emt 0:01:10] [#]} (24. Re1 $17 {keeps fighting.}) 24... Bxf2+ $1 25. Qxf2 Qxd1+ 26. Re1 Qd5 27. Rf1 Qd7 28. Qf3 Rd8 29. Kh1 h6 30. Qf2 f6 31. Ra1 Qd6 32. Ra7 Qd4 33. Qxd4 Rxd4 34. Rb7 Rd5 35. Kh2 Kh7 36. Kg3 Rd2 37. Rxb5 Rxc2 38. Rb7 Kg6 39. Kf3 h5 40. g3 Kf5 41. h4 (41. Rxg7 $142 Rxb2 42. g4+ hxg4+ 43. hxg4+ Ke5 44. Rc7) 41... e5 42. Ke3 g6 43. Rb6 g5 44. b4 cxb3 45. Rxb3 gxh4 46. gxh4 Rc4 47. Rb1 Rxh4 48. Rf1+ Rf4 49. Rg1 h4 50. Rg2 h3 51. Rg1 h2 52. Rh1 Rh4 53. Kf3 e4+ 54. Kg3 Kg5 55. Kf2 Kf4 56. Kg2 Kg4 57. Rf1 h1=Q+ 58. Rxh1 Rxh1 59. Kxh1 f5 60. Kg2 f4 61. Kf2 e3+ 62. Ke2 Kg3 63. Kd3 Kf2 64. Ke4 f3 65. Kd5 e2 66. Kd4 e1=Q 67. Kd5 Qe3 0-1

[Event "FRA-ch Youth 2017"]
[Site "Belfort"]
[Date "2017.04.18"]
[Round "4"]
[White "Lamaze, Simon"]
[Black "Meillon, Judicael"]
[Result "1/2-1/2"]
[ECO "B90"]
[WhiteElo "1682"]
[BlackElo "1884"]
[Annotator "NA"]
[PlyCount "80"]
[EventDate "2017.??.??"]
[EventCountry "FRA"]
[SourceTitle "playchess.com"]
[Source "ChessBase"]
[SourceQuality "1"]
[TimeControl "5400+30"]

1. e4 c5 2. Nf3 d6 3. d4 cxd4 4. Nxd4 Nf6 5. Nc3 {[%emt 0:00:00] LiveBook: 94604 Games} a6 6. Be3 e6 7. Bd3 Be7 8. O-O b5 9. f3 {[%emt 0:08:28] B42: Sicilian: Kan Variation: 5 Bd3} (9. a4 b4 10. Na2 e5 11. Nf3 Nc6 12. c4 bxc3 13. Nxc3 O-O 14. h3 Rb8 15. Qe2 Nb4 16. Bc4 Qc7 {1-0 (44) Gdanski,J (2492)-Lind,J (2235) Malmo 2015}) 9... Bb7 10. Qd2 Nbd7 11. Rad1 O-O 12. Qf2 Rc8 13. Nb3 d5 $146 (13... Qc7 14. a3 Rfe8 15. Rfe1 Ba8 16. Bf1 d5 17. exd5 Nxd5 18. Nxd5 Bxd5 {0-1 (50) Mooney,G (1840)-Bhandari,K (2013) Baku 2016}) 14. exd5 Nxd5 ({Don't play} 14... exd5 15. Rfe1 $14) 15. Nxd5 Bxd5 16. Be4 Bxe4 17. fxe4 Qc7 18. c3 Ne5 19. Bf4 Bd6 20. Qg3 f6 21. Nd4 Qe7 22. Nf3 Nxf3+ 23. Qxf3 Bxf4 24. Qxf4 e5 25. Qf3 Rfd8 26. h3 Rc6 27. Rxd8+ Qxd8 28. Rd1 Rd6 29. Rxd6 Qxd6 30. Qe2 g6 31. g4 Kf7 32. Kf2 Ke6 33. Ke3 Qc5+ 34. Kf3 Qg1 35. a4 Qh1+ 36. Kg3 Qg1+ $11 37. Kf3 Qh1+ 38. Kg3 Qg1+ 39. Kf3 Qb6 40. axb5 axb5 1/2-1/2

[Event "FRA-ch Youth 2017"]
[Site "Belfort"]
[Date "2017.04.19"]
[Round "5"]
[White "Kambrath, Yannick"]
[Black "Viennot, Dylan"]
[Result "1/2-1/2"]
[ECO "A13"]
[WhiteElo "2341"]
[BlackElo "2263"]
[Annotator "NA"]
[PlyCount "65"]
[EventDate "2017.??.??"]
[EventCountry "FRA"]
[SourceTitle "playchess.com"]
[Source "ChessBase"]
[SourceQuality "1"]
[TimeControl "40/5400+30:1800+30"]

1. d4 Nf6 2. c4 e6 3. Nf3 d5 4. g3 Be7 5. Bg2 O-O 6. O-O c6 7. Qc2 Nbd7 8. Nbd2 b6 9. e4 Bb7 10. Re1 Rc8 11. e5 Ne8 12. cxd5 cxd5 13. Qa4 a5 14. Nf1 Ba6 15. h4 Nc7 16. Bg5 Bb5 17. Qd1 Na6 18. a3 Bxg5 19. hxg5 Qe7 20. Ne3 Rc7 21. Kh2 Rfc8 22. Rh1 Nf8 23. Kg1 Qd7 24. a4 Bc6 25. Ng4 Bb7 26. Ne1 Nb4 27. Nf6+ gxf6 28. gxf6 Ng6 29. Qh5 Kf8 30. Qxh7 Ke8 31. Qg8+ Nf8 32. Rh8 Qd8 33. Qxf8+ 1/2-1/2

[Event "FRA-ch Youth 2017"]
[Site "Belfort"]
[Date "2017.04.19"]
[Round "5"]
[White "Flick, Antoine"]
[Black "Seignat, Florian"]
[Result "1-0"]
[ECO "D02"]
[WhiteElo "2327"]
[BlackElo "2049"]
[Annotator "ChessBase"]
[PlyCount "77"]
[EventDate "2017.??.??"]
[EventCountry "FRA"]
[SourceTitle "playchess.com"]
[Source "ChessBase"]
[SourceQuality "1"]
[TimeControl "40/5400+30:1800+30"]

1. d4 d5 2. Bf4 Nf6 3. e3 c5 4. c3 Nc6 5. Nf3 Bf5 6. Nbd2 Qb6 7. Qb3 c4 8. Qxb6 axb6 9. a3 h6 10. h3 e6 11. Be2 Be7 12. Ne5 Nxe5 13. Bxe5 O-O 14. Bxf6 Bxf6 15. f4 b5 16. O-O Be7 17. Bf3 Bd3 18. Rfc1 g5 19. Kf2 Kg7 20. Be2 Be4 21. Nxe4 dxe4 22. g3 f5 23. Rg1 Rh8 24. a4 bxa4 25. Bxc4 Kf6 26. Bb5 Ra5 27. c4 a3 28. Ra2 Rc8 29. bxa3 Rxa3 30. Rxa3 Bxa3 31. Ra1 Bb4 32. Ra4 Bc3 33. c5 gxf4 34. gxf4 Rg8 35. Ra7 Rg7 36. Ra3 Bb4 37. Ra4 Bc3 38. Ra3 Bb4 39. Ra4 1-0

[Event "FRA-ch Youth 2017"]
[Site "Belfort"]
[Date "2017.04.19"]
[Round "5"]
[White "Laurent-Paoli, Pierre"]
[Black "Mohammad, Fahim"]
[Result "1/2-1/2"]
[ECO "D25"]
[WhiteElo "2298"]
[BlackElo "2281"]
[Annotator "NA"]
[PlyCount "124"]
[EventDate "2017.??.??"]
[EventCountry "FRA"]
[SourceTitle "playchess.com"]
[Source "ChessBase"]
[SourceQuality "1"]
[TimeControl "5400+30"]

1. c4 e6 2. Nf3 d5 3. b3 d4 4. e3 {[%emt 0:03:55] A13: English Opening: 1...e6} (4. g3 c5 5. Bg2 Nc6 6. O-O Nf6 7. e3 Be7 8. exd4 cxd4 9. d3 O-O 10. Re1 Ne8 11. a3 a5 12. Nbd2 f6 13. Rb1 e5 14. Nh4 Nc7 15. Qh5 Qe8 16. Qxe8 Rxe8 {½-½ (132) Topalov,V (2761)-Nakamura,H (2787) Leuven 2016}) 4... c5 5. g3 Nc6 6. exd4 cxd4 7. Bg2 Bd6 8. O-O Nge7 9. d3 e5 10. Na3 f6 $146 (10... O-O 11. Nc2 b6 {0-1 (45) Ravi,L (2402)-Shetty,R (2308) Mumbai 1999}) 11. Nc2 a6 12. Nd2 O-O 13. Ne4 Bf5 14. f4 Bxe4 15. Bxe4 exf4 16. gxf4 f5 17. Bg2 Qc7 18. b4 Ng6 19. Qd2 Rad8 20. Rb1 Nh4 21. Bd5+ Kh8 22. Qf2 Be7 23. Nxd4 (23. b5 $14 axb5 24. Rxb5) 23... Nxd4 24. Qxd4 Rf6 25. Bb2 Rg6+ 26. Kh1 Bxb4 (26... b6 $16 {might work better.}) 27. Qf2 Rxd5 28. cxd5 Qa5 (28... Qf7 $16 29. Qd4 h6) 29. Qd4 h6 30. Rbc1 Be7 31. Rf2 Bf6 $2 ({Better is} 31... Kh7 $14) 32. Qc5 Qa4 33. Bxf6 $2 (33. Be5 $18 {is more deadly.}) 33... Rxf6 34. d6 Kh7 35. Rg1 Qd7 36. Qc7 Rxd6 37. Qxd7 Rxd7 38. Rd1 Rd4 39. Rc2 b5 ({Wrong is} 39... Rxf4 $2 40. d4 $18) 40. Rf2 (40. a4 $14) 40... Kg6 41. Kg1 Kf6 42. Rc2 Rxf4 43. Rc6+ Ke5 44. Rxa6 Rb4 45. Ra3 Rb2 46. d4+ Kd5 47. Rb3 Rxb3 48. axb3 f4 49. Kf2 Nf5 50. Kf3 g5 51. Rd2 $2 (51. b4 $11) 51... b4 52. Kg4 Nxd4 53. h4 $1 Ke4 54. hxg5 hxg5 55. Rd1 Ke3 56. Re1+ Kd2 $11 (56... Ne2 $5 57. Kxg5 $2 f3 $19 58. Kg4 f2 $19) 57. Re5 f3 58. Kg3 Kc3 59. Rxg5 Kxb3 60. Rc5 Ne6 61. Rb5 Nd4 $11 62. Rc5 Ne6 1/2-1/2

[Event "FRA-ch Youth 2017"]
[Site "Belfort"]
[Date "2017.04.19"]
[Round "5"]
[White "Tahay, Alexis"]
[Black "Lamard, Guillaume"]
[Result "1-0"]
[ECO "C95"]
[WhiteElo "2239"]
[BlackElo "2307"]
[Annotator "NA"]
[PlyCount "84"]
[EventDate "2017.??.??"]
[EventCountry "FRA"]
[SourceTitle "playchess.com"]
[Source "ChessBase"]
[SourceQuality "1"]
[TimeControl "5400+30"]

1. e4 e5 2. Nf3 Nc6 3. Bb5 a6 4. Ba4 Nf6 5. O-O Be7 6. Re1 b5 7. Bb3 d6 8. c3 O-O 9. h3 Nb8 10. d4 Nbd7 11. Nbd2 Bb7 12. Bc2 Re8 13. a4 Bf8 14. Bd3 c6 15. Qc2 {C95: Closed Ruy Lopez: Breyer Variation with 10 d4} Rc8 16. axb5 {LiveBook: 8 Games} cxb5 $146 (16... axb5 17. b4 c5 18. bxc5 exd4 19. c6 dxc3 20. cxb7 cxd2 21. Qxd2 Rb8 22. Bxb5 Qb6 {0-1 (38) Karjakin,S (2762)-Svidler,P (2727) Baku 2015}) 17. d5 Nh5 18. Nb3 Nf4 19. Na5 ({White should play} 19. Bf1 $16) 19... Ba8 {[#]} (19... Nxd3 $11 {remains equal.} 20. Qxd3 Nc5) 20. g3 ({Better is} 20. Bf1 $1 $16) 20... Nxd3 ({Not} 20... Nxh3+ $2 21. Kg2 $18) 21. Qxd3 f5 22. exf5 Nc5 23. Qd1 $1 Qd7 24. g4 $1 Qf7 25. Nc6 Rxc6 26. dxc6 Bxc6 27. Be3 Qb7 28. Nh4 Ne4 {[#]} 29. g5 $1 d5 {[#]} 30. Qh5 $1 Rd8 (30... b4 {was worth a try.} 31. f3 Nd6) 31. Rad1 ({Weaker is} 31. g6 h6 $16) 31... b4 {[#]} 32. f3 $1 Nd6 33. g6 h6 34. Bxh6 Ne8 35. Bg5 Nf6 36. Bxf6 gxf6 37. f4 Qa7+ 38. Kh2 d4 39. fxe5 d3 40. Rd2 bxc3 $18 41. bxc3 Bg7 42. Qh7+ Kf8 1-0

[Event "FRA-ch Youth 2017"]
[Site "Belfort"]
[Date "2017.04.19"]
[Round "5"]
[White "Cohen Revivo, Shoham"]
[Black "David, Bogdan-Emanuel"]
[Result "1/2-1/2"]
[ECO "B24"]
[WhiteElo "2221"]
[BlackElo "2099"]
[Annotator "NA"]
[PlyCount "85"]
[EventDate "2017.??.??"]
[EventCountry "FRA"]
[SourceTitle "playchess.com"]
[Source "ChessBase"]
[SourceQuality "1"]
[TimeControl "40/5400+30:1800+30"]

1. e4 c5 2. Nf3 e6 3. g3 Nc6 4. Bg2 Nf6 5. Qe2 {[%emt 0:00:27] B40: Sicilian: 2...e6, Unusual lines} e5 6. O-O Be7 7. Nc3 (7. c3 O-O 8. d3 Re8 9. a4 Bf8 10. Na3 d5 11. exd5 Nxd5 12. Nc4 f6 {0-1 (58) Andriasian,Z (2621)-Ponomariov,R (2709) Tallinn 2016}) 7... d6 {[%emt 0:02:35] LiveBook: 3 Games} 8. h3 O-O 9. d3 h6 10. Nh2 $146 (10. a3 Be6 11. Kh2 Rc8 12. Bd2 Re8 13. Rae1 Bf8 14. Qd1 g6 {0-1 (33) Guion,G (1916)-Kveinys,A (2491) Charleroi 2015}) 10... Nd4 11. Qd1 Bd7 12. f4 exf4 13. Bxf4 Qc8 14. g4 Ne6 15. Bg3 Bc6 16. Nd5 Bxd5 17. exd5 Nc7 18. c4 Qd8 19. Nf3 Nd7 20. Qe2 Ne8 21. Rae1 Bf6 22. h4 Ne5 23. Nxe5 Bxe5 24. Bxe5 dxe5 25. Qf2 ({Don't do} 25. Qxe5 $6 Qxh4 26. Qh5 Qg3 $14) 25... Qe7 26. Qg3 f6 27. g5 Kh8 28. Qe3 Rd8 29. gxf6 Rxf6 30. Rxf6 Qxf6 (30... Nxf6 $142 31. Qxe5 Qd7) 31. Qxc5 ({Don't do} 31. Qxe5 $6 Qxh4 32. Qe7 Qd4+ 33. Kh1 Qf6 $18) 31... Nd6 32. Qf2 Nf5 33. Rf1 ({Not} 33. Qxa7 Nd4 $14) 33... Rf8 34. Bh3 g6 35. Bxf5 $2 (35. c5 $18) 35... gxf5 {[%emt 0:00:10] [#]} 36. Kh2 ({Better is} 36. Kh1 $1 $16) 36... Rg8 37. Qxf5 Qxh4+ 38. Qh3 Qg5 39. Qf3 Qh4+ $1 40. Qh3 Qg5 41. Kh1 Rg6 42. Qh2 $2 ({White should play} 42. b4 $18) 42... Qe3 $14 43. Qh4 1/2-1/2

[Event "FRA-ch Youth 2017"]
[Site "Belfort"]
[Date "2017.04.19"]
[Round "5"]
[White "Bouvet, Florian"]
[Black "Jrade, Willis"]
[Result "1/2-1/2"]
[ECO "B28"]
[WhiteElo "2183"]
[BlackElo "2113"]
[Annotator "NA"]
[PlyCount "136"]
[EventDate "2017.??.??"]
[EventCountry "FRA"]
[SourceTitle "playchess.com"]
[Source "ChessBase"]
[SourceQuality "1"]
[TimeControl "5400+30"]

1. e4 c5 2. Nc3 Nc6 3. Bb5 Nd4 4. Nf3 g6 5. O-O Bg7 6. Nxd4 cxd4 7. Ne2 Qb6 {[%emt 0:10:04] LiveBook: 7 Games} 8. Bc4 d6 9. d3 Nf6 10. a4 a5 {[%emt 0:03:44] B31: Sicilian: 2...Nc6 3 Bb5 g6} 11. Ra3 $146 (11. c3 dxc3 12. bxc3 O-O 13. Be3 Qc7 14. f3 Bd7 15. Qb3 Bc6 16. Rfb1 e6 17. Bb5 Nd7 18. d4 {0-1 (42) Libiszewski,F (2425)-Flear,C (2257) Montpellier 2004}) 11... Nd7 12. c3 dxc3 13. Nxc3 O-O 14. Nd5 Qd8 15. Bg5 Nf6 16. Bxf6 Bxf6 17. Nxf6+ exf6 18. Rb3 Bd7 19. Bb5 Be6 20. Rc3 Qb6 21. Qf3 Kg7 22. Rfc1 Rac8 23. Qe2 Qd4 24. Kf1 Qe5 25. g3 d5 26. f4 Qd4 27. Qf2 Qxf2+ 28. Kxf2 dxe4 29. Rxc8 Rxc8 30. Rxc8 Bxc8 31. dxe4 Kf8 32. Ke3 Ke7 33. Kd4 b6 34. Bc4 Be6 35. Bd5 Bd7 36. b3 f5 37. e5 Be6 38. Bc4 Kd7 39. Bb5+ Kc7 40. Kc3 Kb7 41. b4 axb4+ 42. Kxb4 Kc7 43. Be8 Kd8 44. Bc6 Kc7 45. Bf3 Bd7 46. Bd5 Be6 47. Bf3 Bd7 48. h4 h6 49. h5 Be6 50. Be2 Kc6 51. Bb5+ Kc7 52. hxg6 fxg6 53. Bc4 Bc8 {[%emt 0:01:06] [#]} 54. Bf7 (54. e6 $1 $16 Bb7 55. e7) 54... g5 55. Kc4 Kd8 56. Kb5 Bd7+ 57. Kxb6 Bxa4 58. Be6 Bd7 59. Bxd7 Kxd7 60. Kc5 Ke6 $11 61. Kd4 g4 62. Ke3 Kd5 63. Kd3 h5 64. Ke3 Ke6 65. Kd4 Ke7 66. Ke3 Ke6 67. Kd4 Ke7 68. Kd3 Ke6 {[%emt 0:00:06] Ke4 Kxe5+} 1/2-1/2